[Event "ICCopen2017"]
[Site "Internet Chess Club"]
[Date "2017.03.25"]
[Round "8"]
[White "ALexiz"]
[Black "Zephyr"]
[Result "1-0"]
[ICCResult "Black resigns"]
[WhiteElo "1628"]
[BlackElo "1507"]
[Opening "Queen's pawn, Mason variation"]
[ECO "D00"]
[NIC "QP.08"]
[Time "15:30:16"]
[TimeControl "180+0"]

1. d4 d5 2. Bf4 Nf6 3. e3 e6 4. c3 c5 5. Bd3 Nc6 6. Nd2 Bd6 7. Ngf3 O-O 8.
O-O Bxf4 9. exf4 c4 10. Bc2 b5 11. Ne5 Nxe5 12. fxe5 Nd7 13. Nf3 a5 14. h4
f5 15. exf6 Nxf6 16. Ne5 b4 17. h5 bxc3 18. bxc3 Rb8 19. h6 g6 20. f4 Nh5
21. Qd2 Ng3 22. Rf3 Nf5 23. Bxf5 gxf5 24. Rg3+ Kh8 25. Rg7 Rb7 26. Rxb7 Bxb7
27. Qf2 Qe7 28. Qg3 Rg8 29. Qh3 Qf6 30. Rb1 Qe7 31. Qh5 Rf8 32. Rf1 Qe8 33.
Qh4 Qa4 34. Qe7 Qe8 35. Qxb7 Rg8 36. Nf7+ {Black resigns} 1-0

[Event "ICCopen2017"]
[Site "Internet Chess Club"]
[Date "2017.03.25"]
[Round "8"]
[White "jefferyx"]
[Black "Sibelephant"]
[Result "0-1"]
[ICCResult "White resigns"]
[WhiteElo "2773"]
[BlackElo "3089"]
[Opening "Robatsch (modern) defense"]
[ECO "B06"]
[NIC "KF.05"]
[Time "15:30:25"]
[TimeControl "180+0"]

1. e4 g6 2. d4 Bg7 3. Nf3 d6 4. Bd3 e6 5. O-O Ne7 6. c3 O-O 7. Re1 b6 8. a4
a6 9. Na3 Bb7 10. Nc2 Nd7 11. b4 h6 12. Ne3 c5 13. Rb1 cxd4 14. cxd4 Nf6 15.
Nd2 Rc8 16. Ba3 Nh5 17. Nc2 Nf4 18. Bf1 Qd7 19. b5 axb5 20. Bxb5 Bc6 21. Nc4
Bxb5 22. Nxb6 Ne2+ 23. Qxe2 Bxe2 24. Nxd7 Rfd8 25. Rxe2 Rxd7 26. Rd2 Ra8 27.
Rb4 Rda7 28. g3 d5 29. Rb5 dxe4 30. Bc5 Rc7 31. a5 Nc6 32. Re2 Rcc8 33. Rxe4
Rxa5 34. Rxa5 Nxa5 35. Ne3 Nb3 36. Bb6 Nd2 37. Re5 Bxe5 38. dxe5 Nf3+ 39.
Kg2 Nxe5 40. Bd4 Nc6 41. Bf6 h5 42. h3 Nb4 43. g4 Nd5 44. Bd4 Nxe3+ 45. Bxe3
hxg4 46. hxg4 f5 47. Kf3 e5 48. gxf5 gxf5 49. Ke2 Kf7 {White resigns} 0-1

[Event "ICCopen2017"]
[Site "Internet Chess Club"]
[Date "2017.03.25"]
[Round "8"]
[White "eltigrecu"]
[Black "KnightWalker"]
[Result "1-0"]
[ICCResult "Black forfeits on time"]
[WhiteElo "1900"]
[BlackElo "1398"]
[Opening "Levitsky attack (Queen's bishop attack)"]
[ECO "D00"]
[NIC "QP.08"]
[Time "15:29:25"]
[TimeControl "180+0"]

1. d4 d5 2. Bg5 Nf6 3. Nd2 e6 4. e3 Be7 5. Bd3 O-O 6. c3 c5 7. Ngf3 c4 8.
Bc2 Nc6 9. O-O Bd7 10. Re1 b5 11. Qe2 Re8 12. Bxf6 Bxf6 13. e4 dxe4 14. Qxe4
g6 15. a3 Rc8 16. Rad1 Qc7 17. h4 Ne7 18. h5 Bg7 19. hxg6 hxg6 20. Qh4 Nf5
21. Bxf5 exf5 22. Ng5 Be6 23. Qh7+ Kf8 24. Nxe6+ Rxe6 25. Rxe6 fxe6 26. Qxg6
Qf7 27. Qg3 Rd8 28. Re1 Bf6 29. Nf3 Qg7 30. Qf4 Kf7 31. Qc7+ Kg8 32. Qxg7+
Kxg7 33. Rxe6 Kf7 34. Ra6 Rd7 35. a4 bxa4 36. Rxa4 Rb7 37. Rxc4 Rxb2 38.
Rc7+ Ke6 39. Rxa7 Rc2 40. Ra6+ Kf7 41. Rc6 Rc1+ 42. Kh2 Rc2 43. Kg3 Ke7 44.
c4 Rc3 45. d5 Be5+ 46. Kh4 Bd6 47. Kg5 f4 48. Nd4 Kd7 49. Rxd6+ Kxd6 50.
Nb5+ Kc5 51. Nxc3 Kxc4 52. d6 Kxc3 53. d7 Kd2 54. Kxf4 Ke2 55. f3 Kf2 56. g4
Kg2 57. d8=Q Kh3 58. Qd2 {Black forfeits on time} 1-0

[Event "ICCopen2017"]
[Site "Internet Chess Club"]
[Date "2017.03.25"]
[Round "8"]
[White "tirandopiezas"]
[Black "fishmaster"]
[Result "1-0"]
[ICCResult "Black resigns"]
[WhiteElo "2016"]
[BlackElo "1737"]
[Opening "Two knights defense"]
[ECO "C58"]
[NIC "KP.01"]
[Time "15:31:16"]
[TimeControl "180+0"]

1. e4 e5 2. Nf3 Nc6 3. Bc4 Nf6 4. Ng5 d5 5. exd5 Na5 6. Bb5+ c6 7. dxc6 bxc6
8. Bd3 Nd5 9. Nf3 Nf4 10. O-O Nxd3 11. cxd3 Bg4 12. b4 Bxb4 13. Qa4 Qd6 14.
Nxe5 Qxe5 15. Qxb4 f6 16. Bb2 Qd5 17. Qxg4 Kf7 18. Nc3 Qd6 19. Qh5+ g6 20.
Qxa5 Rhe8 21. Qa6 Reb8 22. Qc4+ Kg7 23. Ne4 Qf4 24. Bd4 Rd8 25. Bxf6+ Kh6
26. Bxd8 Rxd8 27. Rab1 Rd7 28. g3 Qf3 29. Rbe1 Kg7 30. Re3 Qf5 31. Qxc6 h5
32. Qc3+ Kh6 33. h4 Re7 34. Ng5 Rf7 {Black resigns} 1-0

[Event "ICCopen2017"]
[Site "Internet Chess Club"]
[Date "2017.03.25"]
[Round "8"]
[White "Koval"]
[Black "flinkfinger"]
[Result "0-1"]
[ICCResult "White forfeits on time"]
[WhiteElo "1962"]
[BlackElo "2193"]
[Opening "Queen's pawn game"]
[ECO "D00"]
[NIC "QP.07"]
[Time "15:29:25"]
[TimeControl "180+0"]

1. d4 Nf6 2. Nc3 d5 3. f3 e6 4. Bg5 Bb4 5. e4 h6 6. Bxf6 Qxf6 7. a3 Bxc3+ 8.
bxc3 dxe4 9. Bc4 O-O 10. Qe2 exf3 11. Nxf3 Nd7 12. O-O Qe7 13. Rae1 Nf6 14.
Kh1 c5 15. d5 b5 16. Bxb5 Nxd5 17. Bc6 Bb7 18. Bxb7 Qxb7 19. c4 Ne7 20. Qe5
Rad8 21. Qxc5 Ng6 22. Ne5 Nxe5 23. Rxe5 Rc8 24. Qf2 Rxc4 25. Rxe6 Qc8 26.
Re2 Qc5 27. Qxc5 Rxc5 28. Re7 Ra5 29. Rf3 g5 30. h3 Kg7 31. Kh2 Kg6 32. Kg3
f6 33. Rc3 Rf7 34. Re8 Ra4 35. Kh2 h5 36. g4 h4 37. Rg8+ Kh7 38. Rcc8 Re7
39. Rh8+ Kg7 40. Rhg8+ Kf7 41. Rgf8+ Ke6 42. Rc6+ Kd5 43. Rfxf6 Rxa3 44.
Rfd6+ Ke4 45. Kg2 a5 46. Rc4+ Ke5 47. Rd2 Ra1 48. Re2+ Kf6 49. Rc6+ Kf7 50.
Rxe7+ Kxe7 51. Rc5 Ra2 52. Rxg5 Rxc2+ 53. Kf3 a4 54. Ra5 Rc3+ 55. Kf4 Rxh3
56. Rxa4 Rg3 57. Kg5 h3 58. Ra2 Rg2 59. Ra7+ Ke6 60. Rh7 h2 61. Kg6 Ke5 62.
Rh5+ Kf4 63. g5 Kg3 {White forfeits on time} 0-1

[Event "ICCopen2017"]
[Site "Internet Chess Club"]
[Date "2017.03.25"]
[Round "8"]
[White "LouiseErdrich"]
[Black "anakinnn"]
[Result "0-1"]
[ICCResult "White forfeits on time"]
[WhiteElo "1099"]
[BlackElo "1258"]
[Opening "Pirc: classical system, 5.Be2"]
[ECO "B08"]
[NIC "PU.03"]
[Time "15:29:38"]
[TimeControl "180+0"]

1. e4 Nf6 2. Nc3 d6 3. d4 g6 4. Nf3 Bg7 5. Be2 O-O 6. O-O Nbd7 7. h3 c5 8.
d5 a6 9. Re1 b5 10. a3 Ne5 11. Nxe5 dxe5 12. Bf3 e6 13. d6 Ne8 14. Be3 c4
15. Bc5 Bd7 16. Kh2 Rc8 17. Be3 Rc6 18. Qd2 Rxd6 19. Qc1 Bc6 20. Bc5 f5 21.
Bxd6 Nxd6 22. Qe3 f4 23. Qc5 Be8 24. Rad1 Qh4 25. Qxd6 Qxf2 26. Qxe6+ Bf7
27. Qxa6 Qg3+ 28. Kg1 g5 29. Qxb5 h5 30. Nd5 g4 31. Ne7+ Kh8 32. hxg4 hxg4
33. Qc5 gxf3 34. Qf2 Qg5 35. Qxf3 Qxe7 36. Qh3+ Kg8 {White forfeits on time}
0-1

[Event "ICCopen2017"]
[Site "Internet Chess Club"]
[Date "2017.03.25"]
[Round "8"]
[White "Datwinnik"]
[Black "sanguine"]
[Result "1-0"]
[ICCResult "Black resigns"]
[WhiteElo "1313"]
[BlackElo "1006"]
[Opening "Ruy Lopez: Berlin defense, Beverwijk variation"]
[ECO "C64"]
[NIC "RL.01"]
[Time "15:30:41"]
[TimeControl "180+0"]

1. e4 e5 2. Nf3 Nc6 3. Bb5 Bc5 4. O-O Nf6 5. c3 O-O 6. d4 exd4 7. cxd4 Bb6
8. Bg5 h6 9. Bh4 g5 10. Nxg5 Nxd4 11. Bc4 d5 12. exd5 Bg4 13. Qd3 Bf5 14.
Qg3 Kh8 15. d6 Ng4 16. Nxf7+ Rxf7 17. Bxf7 Qxd6 18. Qxd6 cxd6 19. h3 Ne2+
20. Kh1 Nxf2+ 21. Bxf2 Rf8 22. Bc4 Bxf2 23. Rxf2 Ng3+ 24. Kh2 Ne4 25. Rf4 d5
26. Bxd5 Ng5 27. Nc3 Re8 28. Rxf5 Re2 29. Nxe2 {Black resigns} 1-0

[Event "ICCopen2017"]
[Site "Internet Chess Club"]
[Date "2017.03.25"]
[Round "8"]
[White "ErnestoRondon"]
[Black "lagarto300"]
[Result "0-1"]
[ICCResult "White forfeits on time"]
[WhiteElo "1835"]
[BlackElo "1984"]
[Opening "King's Indian: Four pawns attack"]
[ECO "E76"]
[NIC "KI.57"]
[Time "15:29:27"]
[TimeControl "180+0"]

1. c4 Nf6 2. Nc3 d6 3. e4 g6 4. d4 Bg7 5. f4 O-O 6. Nf3 c5 7. d5 e6 8. Be2
exd5 9. exd5 Re8 10. O-O a6 11. a4 Bf5 12. Bd3 Bxd3 13. Qxd3 Nbd7 14. f5 Qc7
15. fxg6 hxg6 16. Bf4 Ng4 17. h3 Nge5 18. Nxe5 Nxe5 19. Qe2 Qb6 20. Rae1 Qb4
21. Kh1 Qxc4 22. Qf2 Nd3 23. Rxe8+ Rxe8 24. Qg3 Nxf4 25. Rxf4 Qb3 26. Qf2
Re7 27. Ne4 Qd1+ 28. Qg1 Qxd5 29. Nf6+ Bxf6 30. Rxf6 Qd2 31. Rf1 Qxb2 32.
Qh2 Qe5 33. Qg1 c4 34. Qf2 d5 35. Qc5 c3 36. Rc1 d4 37. Qc4 Qe3 38. Rd1 Qe2
39. Rxd4 c2 40. Rd8+ Kh7 41. Qh4+ Qh5 42. Qxe7 c1=Q+ 43. Kh2 Qf4+ 44. Kg1
Qhf5 45. Rd1 Qf2+ 46. Kh1 Q5f4 47. Qa3 Q4g3 48. Qxg3 Qxg3 49. Rd7 Kg7 50.
Rxb7 Qe1+ 51. Kh2 Qe5+ 52. Kh1 Qa5 53. Rb1 Qxa4 54. Rf1 Qa2 55. Kg1 Qe2 56.
Rf2 Qe3 57. Kf1 a5 {White forfeits on time} 0-1

[Event "ICCopen2017"]
[Site "Internet Chess Club"]
[Date "2017.03.25"]
[Round "8"]
[White "ROWLAND"]
[Black "yachikoham"]
[Result "1-0"]
[ICCResult "Black forfeits on time"]
[WhiteElo "1488"]
[BlackElo "1318"]
[Opening "Sicilian: Hungarian variation"]
[ECO "B27"]
[NIC "SI.43"]
[Time "15:29:27"]
[TimeControl "180+0"]

1. e4 c5 2. Nf3 g6 3. d4 Bg7 4. c3 cxd4 5. cxd4 d6 6. Nc3 Nf6 7. Bb5+ Bd7 8.
Qa4 O-O 9. O-O Nc6 10. d5 Ne5 11. Nxe5 dxe5 12. Bg5 a6 13. Bxd7 Nxd7 14. d6
f6 15. dxe7 Qxe7 16. Rad1 Nc5 17. Nd5 Nxa4 18. Nxe7+ Kf7 19. Rd7 fxg5 20.
Nf5+ Ke6 21. Re7+ Kf6 22. Rxg7 gxf5 23. Rxh7 fxe4 24. Rxb7 Rf7 25. Rb4 Nc5
26. Rb6+ Kf5 27. Rc6 Nd3 28. b3 Rh8 29. f3 e3 30. Rd1 e2 31. Rb1 e1=Q+ 32.
Rxe1 Nxe1 33. Kf2 Nd3+ 34. Ke3 Nf4 35. g3 Rxh2 36. gxf4 gxf4+ 37. Kd3 Rd7+
38. Kc3 Rhd2 39. Kb4 R2d5 40. Ka3 a5 41. Ka4 R7d6 42. Rc7 Rd3 43. Rf7+ Ke6
44. Rh7 Rxf3 45. Rh6+ Kd5 46. Rh8 e4 47. Rc8 e3 48. Rc1 e2 49. Re1 Re3 50.
Rxe2 f3 51. Rxe3 f2 52. Rf3 Re6 53. Rxf2 Re4+ 54. Ka3 {Black forfeits on
time} 1-0

[Event "ICCopen2017"]
[Site "Internet Chess Club"]
[Date "2017.03.25"]
[Round "8"]
[White "TeddyBear"]
[Black "grels"]
[Result "0-1"]
[ICCResult "White forfeits on time"]
[WhiteElo "1545"]
[BlackElo "1739"]
[Opening "QGD semi-Slav"]
[ECO "D43"]
[NIC "SL.03"]
[Time "15:29:25"]
[TimeControl "180+0"]

1. d4 d5 2. c4 c6 3. Nc3 Nf6 4. Nf3 e6 5. Bf4 dxc4 6. a4 Bb4 7. Ne5 Qa5 8.
Qc2 Nd5 9. Nxc4 Bxc3+ 10. bxc3 Qxc3+ 11. Qxc3 Nxc3 12. Nd6+ Ke7 13. e4 f6
14. Kd2 g5 15. Bg3 h5 16. h4 Nxe4+ 17. Nxe4 g4 18. Rb1 Na6 19. Nd6 Rd8 20.
Kc3 Rxd6 21. Bxd6+ Kxd6 22. Bd3 f5 23. f3 Nc7 24. fxg4 Nd5+ 25. Kd2 fxg4 26.
Rhf1 Bd7 27. Bg6 Rg8 28. Bxh5 b6 29. g3 Rg7 30. Rf7 Rg8 31. Rbf1 a5 32. Rf8
Rg7 33. R1f7 Rxf7 34. Rxf7 Be8 35. Rh7 Bd7 36. Bxg4 Nf6 37. Rg7 Ne4+ 38. Ke3
Nxg3 39. h5 Nxh5 40. Bxh5 b5 41. Rg5 b4 42. Rxa5 b3 43. Kd3 b2 44. Kc2 e5
45. Kxb2 Be6 46. Kc2 e4 {White forfeits on time} 0-1

[Event "ICCopen2017"]
[Site "Internet Chess Club"]
[Date "2017.03.25"]
[Round "8"]
[White "majerle"]
[Black "MysteryRook"]
[Result "1-0"]
[ICCResult "Black forfeits on time"]
[WhiteElo "1636"]
[BlackElo "1766"]
[Opening "KP: Nimzovich defense"]
[ECO "B00"]
[NIC "VO.04"]
[Time "15:29:36"]
[TimeControl "180+0"]

1. e4 Nc6 2. d4 e5 3. dxe5 Nxe5 4. Nf3 Qf6 5. Bd3 Bc5 6. O-O Nxf3+ 7. Qxf3
Qxf3 8. gxf3 d6 9. Nc3 Ne7 10. Be3 Bb6 11. a4 O-O 12. a5 Bxe3 13. fxe3 c6
14. Kf2 Be6 15. Rg1 f5 16. f4 Rae8 17. Rad1 d5 18. exd5 Nxd5 19. Nxd5 Bxd5
20. c4 Be4 21. Bxe4 Rxe4 22. b3 Rfe8 23. Rge1 Kf7 24. Rd7+ R8e7 25. Rxe7+
Rxe7 26. Rd1 Ke8 27. Ke2 g6 28. Rd6 Re4 29. Rd4 Re6 30. Kf3 Ke7 31. b4 h6
32. e4 fxe4+ 33. Rxe4 Rxe4 34. Kxe4 Ke6 35. c5 Kf6 36. Ke3 Kf5 37. Kf3 g5
38. fxg5 hxg5 39. Kg3 Kg6 40. b5 a6 41. bxc6 bxc6 42. Kg4 Kf6 43. h3 Kg6 44.
Kg3 Kf5 45. Kf3 Ke5 46. Kg4 Kf6 47. Kg3 Kg6 48. Kg4 Kf6 49. Kg3 Kf5 50. Kf3
Ke5 51. Kg4 Kf6 52. Kg3 Kf5 53. Kf3 Kg6 54. Kg4 Kh6 55. Kf5 Kh5 56. Kf6 Kh4
57. Kg6 g4 58. hxg4 Kxg4 59. Kf6 Kf4 60. Ke6 Ke4 61. Kd6 Kd4 62. Kxc6 Kc4
63. Kb6 Kb4 64. Kxa6 Ka4 65. Kb6 Ka3 66. c6 {Black forfeits on time} 1-0

[Event "ICCopen2017"]
[Site "Internet Chess Club"]
[Date "2017.03.25"]
[Round "8"]
[White "Marblerevealer"]
[Black "ResignAlready"]
[Result "1-0"]
[ICCResult "Black forfeits on time"]
[WhiteElo "1764"]
[BlackElo "1823"]
[Opening "Queen's bishop game"]
[ECO "D02"]
[NIC "QP.08"]
[Time "15:29:56"]
[TimeControl "180+0"]

1. d4 d5 2. Nf3 Nf6 3. Bf4 e6 4. Nbd2 c5 5. c3 Nc6 6. e3 Bd6 7. Bg3 O-O 8.
Ne5 Ne7 9. f4 b6 10. Bd3 Bb7 11. Bh4 Ng6 12. Bxf6 gxf6 13. Ng4 e5 14. Nh6+
Kg7 15. Nf5+ Kh8 16. Qh5 exf4 17. O-O fxe3 18. Nf3 Rg8 19. Nxd6 Qxd6 20. Nh4
Bc8 21. Rae1 Bd7 22. Rxe3 Rae8 23. Rxe8 Rxe8 24. Nxg6+ fxg6 25. Bxg6 Re7 26.
Bf5 Rg7 27. Bxd7 Qxd7 28. Rxf6 Qe7 29. Qf5 Qe3+ 30. Qf2 Qxf2+ 31. Kxf2 Re7
32. g4 Kg7 33. Rf5 Rd7 34. Kf3 Kg6 35. Kf4 h6 36. h4 cxd4 37. cxd4 b5 38. g5
hxg5+ 39. hxg5 {Black forfeits on time} 1-0

[Event "ICCopen2017"]
[Site "Internet Chess Club"]
[Date "2017.03.25"]
[Round "8"]
[White "DementedMonkey"]
[Black "canary2016"]
[Result "1-0"]
[ICCResult "Black checkmated"]
[WhiteElo "2210"]
[BlackElo "1202"]
[Opening "Queen's pawn game"]
[ECO "D02"]
[NIC "QP.08"]
[Time "15:31:18"]
[TimeControl "180+0"]

1. d4 d5 2. Nf3 Bf5 3. Bg5 Nf6 4. Nbd2 Nbd7 5. e3 e6 6. Ne5 Be7 7. f4 Ne4 8.
Bxe7 Qxe7 9. Bb5 c6 10. Nxe4 Bxe4 11. Bd3 Bxg2 12. Rg1 Be4 13. Rxg7 Bxd3 14.
Qxd3 Nxe5 15. fxe5 Qh4+ 16. Ke2 Qxh2+ 17. Kf3 Qh3+ 18. Rg3 Qh5+ 19. Kf2 h6
20. Qa3 Qf5+ 21. Kg1 Qxc2 22. Rf1 Qc4 23. Qd6 Rc8 24. Rxf7 Kxf7 25. Qd7+ Kf8
26. Qxc8+ Ke7 27. Rg7# {Black checkmated} 1-0

[Event "ICCopen2017"]
[Site "Internet Chess Club"]
[Date "2017.03.25"]
[Round "8"]
[White "Baerenstarker"]
[Black "JanTheMan"]
[Result "0-1"]
[ICCResult "White forfeits on time"]
[WhiteElo "1868"]
[BlackElo "2364"]
[Opening "Benoni: fianchetto variation"]
[ECO "A63"]
[NIC "BI.24"]
[Time "15:29:29"]
[TimeControl "180+0"]

1. d4 Nf6 2. c4 e6 3. g3 c5 4. d5 exd5 5. cxd5 d6 6. Nc3 g6 7. Nf3 Bg7 8.
Bg2 O-O 9. O-O a6 10. a4 Nbd7 11. Bf4 Qc7 12. Nd2 Nh5 13. Bg5 h6 14. Be3 Rb8
15. Nc4 Ne5 16. Nxe5 Bxe5 17. Rc1 Kh7 18. Qd2 Bg7 19. Rfd1 Qe7 20. h3 b5 21.
axb5 axb5 22. g4 Nf6 23. Bf4 b4 24. Na4 Bd7 25. Ra1 Rfe8 26. Re1 Bb5 27. e4
Qd7 28. Qd1 Ng8 29. Ra2 c4 30. b3 c3 31. Be3 Qc7 32. f3 Ra8 33. Bf1 Bxa4 34.
bxa4 Reb8 35. Qb3 Nf6 36. Bb5 Nd7 37. Qxb4 Ne5 38. Rf1 c2 39. Qb3 Nxf3+ 40.
Rxf3 c1=Q+ 41. Bxc1 Qxc1+ 42. Kg2 Ra7 43. Raf2 Rbb7 44. Qe3 Be5 45. Qxc1
Rxb5 46. axb5 Kg7 47. b6 Rb7 48. Rxf7+ Rxf7 49. Rxf7+ Kxf7 50. Qc7+ Kf6 51.
Qd8+ Kg7 {White forfeits on time} 0-1

[Event "ICCopen2017"]
[Site "Internet Chess Club"]
[Date "2017.03.25"]
[Round "8"]
[White "Rammstein"]
[Black "magnuswizard"]
[Result "1-0"]
[ICCResult "Black forfeits on time"]
[WhiteElo "2063"]
[BlackElo "1813"]
[Opening "Queen's pawn: London system"]
[ECO "A45"]
[NIC "QP.07"]
[Time "15:29:24"]
[TimeControl "180+0"]

1. d4 Nf6 2. Bf4 c5 3. d5 Qb6 4. Nc3 d6 5. e4 a6 6. Rb1 g6 7. Be2 Bg7 8. h4
h5 9. Nh3 Nbd7 10. Ng5 Qc7 11. a4 Rb8 12. Qd2 c4 13. f3 b5 14. axb5 axb5 15.
b4 cxb3 16. Rxb3 b4 17. Nb5 Qa5 18. Qxb4 Qxb4+ 19. Rxb4 O-O 20. O-O Ba6 21.
Rfb1 Nc5 22. Kf2 Rfc8 23. Nd4 Rxb4 24. Rxb4 Bxe2 25. Kxe2 Nfd7 26. Nc6 Kf8
27. Be3 Ne5 28. Bd4 Nxc6 29. Bxg7+ Kxg7 30. dxc6 Rxc6 31. Nh3 Nd7 32. Kd2
Ne5 33. Nf4 Nc4+ 34. Ke2 Ne5 35. Kd2 Ra6 36. Nd5 e6 37. Ne3 Ra2 38. Rb7 Ra4
39. Kc3 Ra3+ 40. Kd2 Ra4 41. Kc3 Ra3+ 42. Kd2 Ra4 43. Rc7 d5 44. exd5 exd5
45. Nxd5 Rd4+ 46. Ke3 Rxd5 47. Ke4 Rd7 48. Rc3 Nc6 49. Rxc6 Re7+ 50. Kd3 f5
51. Kc3 Rf7 52. Rc7 {Black forfeits on time} 1-0

[Event "ICCopen2017"]
[Site "Internet Chess Club"]
[Date "2017.03.25"]
[Round "8"]
[White "manusupergm2001"]
[Black "Fight-Chess"]
[Result "1-0"]
[ICCResult "Black resigns"]
[WhiteElo "2164"]
[BlackElo "1794"]
[Opening "Van't Kruijs opening"]
[ECO "A00"]
[Time "15:30:56"]
[TimeControl "180+0"]

1. e3 d5 2. d4 Nf6 3. c4 e6 4. Nc3 Bd6 5. Nf3 b6 6. Bd3 Bb7 7. O-O O-O 8.
Qe2 Ne4 9. Nd2 f5 10. cxd5 exd5 11. Bxe4 fxe4 12. f3 exf3 13. Nxf3 Nd7 14.
e4 dxe4 15. Nxe4 Re8 16. Qc4+ Kh8 17. Nfg5 Re7 18. Nxd6 cxd6 19. Nf7+ Rxf7
20. Qxf7 Qh4 21. Qxd7 Qxd4+ 22. Kh1 Qd5 23. Rg1 Rf8 24. Be3 h6 25. Rad1 Qe4
26. Bd4 Rg8 27. Bc3 Kh7 28. Qxd6 Re8 29. Qd4 Qg6 30. Qxg7+ Qxg7 31. Bxg7
Kxg7 32. Rd7+ {Black resigns} 1-0

[Event "ICCopen2017"]
[Site "Internet Chess Club"]
[Date "2017.03.25"]
[Round "8"]
[White "Cramagica"]
[Black "bennywins"]
[Result "0-1"]
[ICCResult "White forfeits on time"]
[WhiteElo "1080"]
[BlackElo "1452"]
[Opening "Bird's opening"]
[ECO "A02"]
[NIC "VO.07"]
[Time "15:30:21"]
[TimeControl "180+0"]

1. f4 c5 2. Nf3 Nc6 3. e3 e6 4. b3 d5 5. Bb2 Nf6 6. Nc3 Be7 7. Ne2 O-O 8.
Ng3 h6 9. a3 a6 10. Bd3 b5 11. O-O c4 12. bxc4 dxc4 13. Be2 Bb7 14. Ne5 Nxe5
15. Bxe5 Ne4 16. Nxe4 Bxe4 17. Bf3 Bxf3 18. Rxf3 Bf6 19. Bxf6 Qxf6 20. c3
Rfd8 21. Rg3 Rd3 22. Ra2 Rad8 23. Rf3 Rxc3 24. Rc2 Rcd3 25. Qe2 c3 26. dxc3
Rxc3 27. Rxc3 Qxc3 28. Qa2 Qc1+ 29. Kf2 Rd2+ 30. Kg3 Rxa2 31. e4 Rxa3 32.
Rxa3 Qxa3+ 33. Kg4 Qb2 34. g3 Qxh2 35. f5 b4 36. fxe6 h5+ 37. Kf5 f6 38. e7
Qf2+ 39. Ke6 Qb6+ 40. Kd7 Qb7+ 41. Kd8 Qxe7+ 42. Kxe7 b3 43. e5 b2 44. e6
b1=Q 45. Kd7 a5 46. e7 Qd3+ 47. Kc7 Qe4 48. Kd7 a4 49. e8=Q+ Qxe8+ 50. Kxe8
a3 51. g4 a2 52. gxh5 a1=Q 53. h6 gxh6 54. Ke7 Qa6 55. Ke8 Qb7 56. Kd8 Qc6
57. Ke7 f5 58. Kd8 f4 59. Ke7 f3 {White forfeits on time} 0-1

[Event "ICCopen2017"]
[Site "Internet Chess Club"]
[Date "2017.03.25"]
[Round "8"]
[White "justinchess"]
[Black "Jesus"]
[Result "1-0"]
[ICCResult "Black forfeits on time"]
[WhiteElo "2255"]
[BlackElo "1864"]
[Opening "Queen's pawn, Mason variation"]
[ECO "D00"]
[NIC "QP.08"]
[Time "15:29:56"]
[TimeControl "180+0"]

1. d4 d5 2. Bf4 Nf6 3. e3 Nc6 4. Nf3 Bf5 5. c3 e6 6. Nbd2 Bd6 7. Ne5 Bxe5 8.
dxe5 Nd7 9. Bb5 O-O 10. Bxc6 bxc6 11. g4 Bg6 12. h4 f5 13. h5 Bf7 14. Qf3
Be8 15. O-O-O Rb8 16. Nb3 Qe7 17. Nd4 Nc5 18. gxf5 exf5 19. Rhg1 Ne4 20. e6
g6 21. hxg6 Bxg6 22. Bh6 c5 23. Bxf8 Rxf8 24. Nb3 Qxe6 25. Qf4 c4 26. Nd4
Qa6 27. a3 Nxc3 28. bxc3 Qxa3+ 29. Kd2 Qb2+ 30. Nc2 d4 31. Qxd4 f4 32. Qxc4+
Kg7 33. Qd4+ {Black forfeits on time} 1-0

[Event "ICCopen2017"]
[Site "Internet Chess Club"]
[Date "2017.03.25"]
[Round "8"]
[White "carpedef"]
[Black "Giantvin"]
[Result "0-1"]
[ICCResult "White forfeits on time"]
[WhiteElo "1759"]
[BlackElo "1947"]
[Opening "Ruy Lopez: 5.O-O"]
[ECO "C78"]
[NIC "RL.12"]
[Time "15:29:28"]
[TimeControl "180+0"]

1. e4 e5 2. Nf3 Nc6 3. Bb5 a6 4. Ba4 Nf6 5. O-O Ke7 6. Re1 d6 7. c3 Bg4 8.
h3 Bh5 9. d3 h6 10. Nbd2 Ke8 11. Nf1 Be7 12. Ng3 Bg6 13. d4 Kf8 14. Nh4 Kg8
15. Nxg6 fxg6 16. Be3 Kh7 17. Qd2 Rf8 18. f3 Nh5 19. Nxh5 gxh5 20. Bc2 Bg5
21. d5 Bxe3+ 22. Qxe3 Ne7 23. c4 Ng6 24. g3 h4 25. g4 Nf4 26. Kh2 Qg5 27.
Bd3 Rf7 28. Bf1 Raf8 29. Rac1 b6 30. Rc3 a5 31. b3 Qe7 32. a3 Ng6 33. Bg2
Nf4 34. Rf1 Qd7 35. b4 Qa4 36. c5 axb4 37. axb4 Qxb4 38. cxd6 Qxd6 39. Qc1
b5 40. Rc6 Qe7 41. Qb2 b4 42. Qb3 Ne2 43. Qe3 Nd4 44. Rc4 b3 45. Rc3 b2 46.
Rb1 Nxf3+ 47. Bxf3 Rxf3 48. Qxf3 Rxf3 49. Rxf3 Qb4 50. Rf2 Qxe4 51. Rbxb2
Qxd5 52. Rbd2 Qe6 53. Rde2 e4 54. Rb2 Qe5+ 55. Kg2 Qg3+ 56. Kf1 Qxh3+ 57.
Ke1 Qxg4 58. Rg2 Qf3 59. Rgf2 Qe3+ 60. Rfe2 Qc3+ 61. Kf2 e3+ 62. Kf3 Qf6+
63. Kxe3 Qg6 64. Rg2 Qg5+ {White forfeits on time} 0-1

[Event "ICCopen2017"]
[Site "Internet Chess Club"]
[Date "2017.03.25"]
[Round "8"]
[White "gladiator46"]
[Black "Soulbrother"]
[Result "1-0"]
[ICCResult "Black resigns"]
[WhiteElo "1580"]
[BlackElo "1402"]
[Opening "Benko's opening"]
[ECO "A00"]
[NIC "VO.09"]
[Time "15:30:21"]
[TimeControl "180+0"]

1. g3 d6 2. Bg2 Nf6 3. c4 e6 4. Qb3 Nc6 5. e3 Be7 6. Ne2 O-O 7. O-O Rb8 8.
Bxc6 bxc6 9. Qxb8 Qd7 10. Qxa7 c5 11. Nbc3 Ng4 12. h3 Ne5 13. Kg2 Nc6 14.
Qa3 Bb7 15. f3 Nb4 16. Qb3 Bc8 17. a3 e5 18. g4 Nd3 19. Nd5 f5 20. Qxd3 fxg4
21. Nxe7+ Qxe7 22. hxg4 Bb7 23. e4 Qh4 24. Rh1 Qg5 25. Qe3 Qg6 26. Ng3 Rf4
27. d3 Bc8 28. Rh4 Qf7 29. Bd2 h6 30. Rf1 g5 31. Rhh1 Kg7 32. Nh5+ Kh7 33.
Nxf4 exf4 34. Qf2 Qf6 35. Bc3 Qe6 36. Qc2 Bb7 37. Rh5 Bc6 38. Rfh1 Be8 39.
Rxh6+ Qxh6 40. Rxh6+ Kxh6 41. e5 Bg6 42. exd6 cxd6 43. Qe2 Kh7 44. Qe7+
{Black resigns}
1-0

[Event "ICCopen2017"]
[Site "Internet Chess Club"]
[Date "2017.03.25"]
[Round "8"]
[White "Boing777"]
[Black "shally"]
[Result "1-0"]
[ICCResult "Black forfeits on time"]
[WhiteElo "2422"]
[BlackElo "1917"]
[Opening "Queen's pawn, Mason variation"]
[ECO "D00"]
[NIC "QP.08"]
[Time "15:29:53"]
[TimeControl "180+0"]

1. d4 d5 2. Bf4 Nf6 3. e3 g6 4. h4 h5 5. Nd2 Bg7 6. Ngf3 Bg4 7. Be2 Nbd7 8.
c4 e6 9. Rc1 c6 10. Bd6 Nb6 11. c5 Nc8 12. Be5 O-O 13. Nh2 Bxe2 14. Qxe2 Nd7
15. Bxg7 Kxg7 16. g4 Rh8 17. Ndf3 Qf6 18. Ng5 e5 19. gxh5 Rxh5 20. Ng4 Qe7
21. Kd2 exd4 22. exd4 Qxe2+ 23. Kxe2 Nf6 24. Ne5 Ne7 25. Ngxf7 Re8 26. Kd3
Nf5 27. Rcg1 Nxh4 28. Rxh4 Rxh4 29. Rxg6+ Kf8 30. Rxf6 Rh3+ 31. f3 Kg7 32.
Rg6+ Kf8 33. Nd6 Re7 34. Rg5 Reh7 35. Ng6+ Kg7 36. Nf4+ Kf6 37. Rf5+ Ke7 38.
Nxh3 Rxh3 39. Ke3 Ke6 40. Re5+ Kf6 41. Ne8+ Kf7 42. Nd6+ Kf6 43. Rf5+ Ke6
44. Rg5 b6 45. Rg6+ Ke7 46. Nf5+ Kf7 47. Rxc6 bxc5 48. dxc5 Rh2 49. Rc7+ Kf6
50. Nd4 Rxb2 51. c6 Rxa2 52. Rb7 Ra1 53. c7 Rc1 54. Rxa7 Ke5 55. f4+
{Black forfeits on time}
1-0

[Event "ICCopen2017"]
[Site "Internet Chess Club"]
[Date "2017.03.25"]
[Round "8"]
[White "Sophiste"]
[Black "Skeptic1972"]
[Result "1-0"]
[ICCResult "Black forfeits on time"]
[WhiteElo "3205"]
[BlackElo "1741"]
[Opening "Queen's pawn game"]
[ECO "D02"]
[NIC "QP.08"]
[Time "15:30:27"]
[TimeControl "180+0"]

1. d4 d5 2. Nf3 e6 3. Bf4 c5 4. e3 Nc6 5. c3 Nf6 6. Be2 Bd6 7. Bg3 Bxg3 8.
hxg3 Qd6 9. Nbd2 e5 10. dxe5 Nxe5 11. Nxe5 Qxe5 12. Qc2 Bf5 13. Bb5+ Ke7 14.
Qb3 Rhd8 15. Nf3 Qc7 16. Be2 Kf8 17. O-O Rd6 18. Rad1 Re8 19. Nh4 Be4 20.
Bf3 Rb6 21. Qa3 Bc2 22. Rd2 Ra6 23. Qxa6 bxa6 24. Rxc2 Qe5 25. Be2 Ne4 26.
Rd1 g5 27. Nf3 Qf5 28. Bd3 g4 29. Nh4 Qg5 30. Bxe4 dxe4 31. Rcd2 Rb8 32. b3
c4 33. bxc4 Qc5 34. Kh2 Qxc4 35. Nf5 Re8 36. Rd8 Qc7 37. R8d7 Qe5 38. R1d5
Qxc3 39. Nh6 Re7 40. Rd8+ Re8 41. R8d7 Re7 42. Rxe7 Kxe7 43. Nxg4 Qc4 44.
Ra5 Qe6 45. Ne5 {Black forfeits on time} 1-0